AoeStats
← Capitão Caverna

MegaRandom

506533745Analyzed
4v4 RM · 18d ago on Sep 13, 2026· 50m 9s· 8 players
Game mode
Random Map
Map size
Large (8 player)
Population
200
Speed
Normal
Resources
Standard
Victory
Conquest
Starting age
Dark Age
Ending age
Imperial Age
RankedLock teamsTeams togetherTeam positionsShared explorationLock speedFull tech treeHidden civsTurbo modeCheats
Victory
Defeat
🇧🇷 Vikings · Brazil
1350
+10
🇧🇷 Vietnamese · Brazil
1312
+11
🇧🇷 Italians · Brazil
1247
+13
🇧🇷 Persians · Brazil
1241
+14
🇫🇷 Koreans · France
1226
-13
🇬🇧 Dravidians · United Kingdom
1197
-12
🇻🇪 Persians · Venezuela
1188
-12
🇲🇽 Wei · Mexico
1172
-11
dejame_ganar
6:21 Loom
9:16 Feudal Age
9:41 Town Watch
13:11 Double-Bit Axe
19:31 Wheelbarrow
19:42 Horse Collar
23:12 Castle Age
21:42 Bloodlines
22:13 Forging
22:08 Scale Barding Armor
25:24 Husbandry
27:56 Heavy Plow
32:12 Iron Casting
33:45 Pikeman
34:26 Squires
38:06 Imperial Age
35:58 Hand Cart
35:44 Town Patrol
36:10 Scale Mail Armor
36:31 Chain Barding Armor
36:49 Ballistics
39:12 Cavalier
Ham Shank
0:27 Loom
11:26 Feudal Age
12:46 Double-Bit Axe
12:45 Horse Collar
13:11 Fletching
18:42 Castle Age
17:41 Gold Mining
17:59 Padded Archer Armor
19:52 Bow Saw
19:32 Town Watch
21:42 Bodkin Arrow
24:01 Ballistics
25:03 Wheelbarrow
24:52 Elite Skirmisher
25:45 Thumb Ring
32:31 Imperial Age
30:28 Leather Archer Armor
31:48 Hand Cart
33:47 Bracer
35:02 Chemistry
37:58 Elite Elephant Archer
43:07 Husbandry
45:18 Ring Archer Armor
DrJorgexx
3:21 Loom
10:50 Feudal Age
11:40 Double-Bit Axe
16:43 Horse Collar
17:20 Bloodlines
18:50 Forging
21:58 Castle Age
20:46 Fletching
20:57 Padded Archer Armor
22:18 Scale Barding Armor
22:39 Husbandry
mussmaxx
0:40 Loom
11:22 Feudal Age
12:26 Double-Bit Axe
12:24 Horse Collar
12:42 Gold Mining
22:26 Castle Age
20:51 Fletching
21:12 Stone Mining
22:34 Arson
23:18 Bow Saw
23:11 Heavy Plow
22:36 Crossbowman
24:21 Wheelbarrow
24:59 Ballistics
25:14 Town Watch
25:28 Pikeman
28:24 Squires
32:02 Scale Mail Armor
32:13 Forging
33:46 Treadmill Crane
37:59 Imperial Age
36:34 Stone Shaft Mining
36:36 Gold Shaft Mining
37:09 Elite Skirmisher
38:07 Thumb Ring
39:18 Conscription
38:32 Arbalester
40:12 Hand Cart
44:14 Halberdier
Capitão Caverna
6:00 Loom
8:57 Feudal Age
9:28 Double-Bit Axe
19:47 Castle Age
18:22 Horse Collar
19:01 Scale Barding Armor
19:07 Forging
20:31 Bloodlines
20:25 Husbandry
28:16 Iron Casting
28:09 Heavy Plow
29:48 Wheelbarrow
30:47 Chain Barding Armor
31:16 Hand Cart
32:53 Bow Saw
34:22 Gold Mining
39:50 Imperial Age
40:25 Gold Shaft Mining
41:11 Plate Barding Armor
41:39 Blast Furnace
41:11 Cavalier
44:11 Stone Mining
44:32 Scale Mail Armor
44:00 Savar
45:35 Town Watch
46:25 Crop Rotation
grinchekill
8:41 Loom
10:58 Feudal Age
14:50 Castle Age
13:18 Double-Bit Axe
14:36 Gold Mining
16:19 Bow Saw
16:58 Crossbowman
18:22 Fletching
19:45 Horse Collar
20:51 Bodkin Arrow
21:11 Padded Archer Armor
24:30 Gold Shaft Mining
24:04 Squires
25:04 Town Watch
29:17 Ballistics
28:38 Treadmill Crane
33:55 Imperial Age
33:58 Arbalester
34:39 Bracer
35:41 Chemistry
34:57 Leather Archer Armor
35:17 Bogsveigar
37:00 Ring Archer Armor
40:28 Man-at-Arms
41:19 Scale Mail Armor
41:23 Long Swordsman
41:50 Gambesons
41:51 Arson
42:30 Chain Mail Armor
42:25 Forging
42:08 Two-Handed Swordsman
42:56 Champion
44:25 Chieftains
45:47 Onager
49:38 Pikeman
49:45 Elite Skirmisher
marcosvilelafjv
3:00 Loom
11:43 Feudal Age
16:36 Castle Age
19:59 Stone Mining
20:11 Double-Bit Axe
21:05 Bow Saw
24:29 Fletching
29:24 Wheelbarrow
29:19 Ballistics
29:08 Horse Collar
31:14 Hand Cart
36:03 Imperial Age
32:58 Light Cavalry
34:20 Scale Barding Armor
34:26 Forging
34:11 Bodkin Arrow
33:54 Elite Skirmisher
34:49 Bloodlines
35:14 Padded Archer Armor
35:35 Chain Barding Armor
36:25 Imperial Skirmisher
37:26 Leather Archer Armor
39:25 Two-Man Saw
38:34 Bracer
46:32 Capped Ram
48:46 Hussar
Curupira
8:53 Loom
11:03 Feudal Age
11:32 Double-Bit Axe
18:01 Castle Age
16:30 Horse Collar
17:56 Forging
19:38 Husbandry
23:03 Scale Barding Armor
26:46 Chain Barding Armor
26:58 Bloodlines
29:17 Wheelbarrow
28:54 Town Watch
30:24 Iron Casting
31:25 Hand Cart
31:01 Fletching
31:33 Bow Saw
31:25 Heavy Plow
36:41 Imperial Age
35:01 Bodkin Arrow
35:27 Elite Skirmisher
36:09 Padded Archer Armor
36:37 Stone Mining
36:38 Gold Mining
37:25 Leather Archer Armor
36:48 Imperial Skirmisher
39:16 Chemistry
39:13 Bracer
39:35 Ballistics
41:13 Ring Archer Armor
41:22 Paper Money
42:01 Siege Engineers
44:34 Murder Holes
44:19 Treadmill Crane
44:40 Scale Mail Armor
45:22 Stone Shaft Mining
45:52 Chain Mail Armor
46:15 Plate Barding Armor
46:58 Two-Man Saw
49:23 Town Patrol
Connection lost

Rejoining the realm…

Still unreachable

The connection could not be restored.

Session expired

The server has moved on; the page needs a fresh start.